 Dungeon Crawl Stone Soup version 0.19-a0-856-g54f7fbd (webtiles) character file.

1531 Arkorax the Martial Artist (level 8, 0/63 HPs)
             Began as a Black Draconian Monk on July 2, 2016.
             Slain by Pikel
             ... wielding a +0 whip of flaming
              (1 damage)
             ... on level 5 of the Dungeon.
             The game lasted 00:09:39 (6623 turns).

Arkorax the Martial Artist (Black Draconian Monk)   Turns: 6623, Time: 00:09:39

Health: 0/63       AC:  7    Str: 14    XL:     8   Next: 55%
Magic:  0/8        EV: 16    Int: 10    God:
Gold:   90         SH:  0    Dex: 16    Spells: 0 memorised, 7 levels left

rFire  . . .     SeeInvis .       - Unarmed
rCold  . . .     Gourm    .     (armour unavailable)
rNeg   . . .     Faith    .     (no shield)
rPois  .         Spirit   +     (helmet restricted)
rElec  +         Dismiss  .     (no cloak)
rCorr  .         Reflect  .     w - +0 pair of gloves
SustAt .         Harm     .     (no boots)
MR     .....                    j - amulet of guardian spirit
Stlth  ++........               (no ring)
                                (no ring)

@: not resistant to hostile enchantments, unstealthy
A: breathe lightning, unfitting armour, high mp 1, electricity resistance, wild
magic 1, cold-blooded, AC +6
a: Breathe Lightning


You were on level 5 of the Dungeon.
You were not hungry.

You visited 1 branch of the dungeon, and saw 6 of its levels.

You collected 90 gold pieces.

Inventory:

Hand Weapons
 l - a +3 hand axe of venom
Missiles
 e - 5 javelins (quivered)
Armour
 w - a +0 pair of gloves (worn)
Jewellery
 j - an amulet of guardian spirit (around neck)
 r - an uncursed ring of wizardry {unknown}
Wands
 h - a wand of lightning (2/15)
Scrolls
 d - a scroll of amnesia {unknown}
 f - a scroll of random uselessness {unknown}
 i - 6 scrolls of identify {unknown}
 k - 4 scrolls of noise {unknown}
 o - a scroll of recharging {unknown}
 p - a scroll of teleportation {unknown}
 t - a scroll of immolation {unknown}
 u - a scroll of blinking {unknown}
 v - a scroll of magic mapping {unknown}
Potions
 c - a potion of flight
Books
 q - a book of Power

   Spells                             Type                      Level
   a - Fulminant Prism                Conjuration/Hexes            4
   b - Iskenderun's Mystic Blast      Conjuration                  4
   c - Venom Bolt                     Conjuration/Poison           5
   d - Bolt of Magma                  Conjuration/Fire/Earth       5
   e - Iron Shot                      Conjuration/Earth            6
   f - Orb of Destruction             Conjuration                  7
   g - Spellforged Servitor           Conjuration/Summoning        7
Comestibles
 a - 3 bread rations
 b - 2 beef jerkies
 g - 2 meat rations
 m - a slice of pizza
 n - 4 fruits


   Skills:
 - Level 3.2 Fighting
 + Level 6.2 Dodging
 - Level 1.7 Stealth
 * Level 9.3 Unarmed Combat


You had 7 spell levels left.
You didn't know any spells.

Dungeon Overview and Level Annotations

Branches:
Dungeon (6/15)
 Temple: D:4-7

Altars:
Okawaru
Ru
The Shining One

Annotations:
D:2 Terence
D:4 1 exclusion
D:5 Pikel


Innate Abilities, Weirdness & Mutations

You can breathe wild blasts of lightning.
Your glossy black scales are hard. (AC +6)
Your body does not fit into most forms of armour.
You are resistant to electric shocks. (rElec)
You are cold-blooded and may be slowed by cold attacks.
You have an increased reservoir of magic. (+10% MP)
Your spells are a little harder to cast, but a little more powerful.


Message History

The orc wizard closely misses you.
Things that are here:
an animal skin; a jackal skeleton The orc wizard hits you with a dagger.
* * * LOW HITPOINT WARNING * * *
There is a stone staircase leading down, spattered with blood here.
The orc wizard closely misses you. Pikel barely misses you.
Things that are here:
an animal skin; a jackal skeleton The orc wizard closely misses you.
The orc wizard hits you but does no damage.
Pikel closely misses you.
You see here an animal skin.
The orc wizard misses you.
You have got your breath back.
The orc wizard hits you but does no damage.
Pikel hits you with a whip of flaming!
* * * LOW HITPOINT WARNING * * *
Pikel burns you.
You die...

#################################
.................................
#################################
######## #..........######### #
.......# #.....Ko...#.......# #
######.# #......@...#.......# #
....##.# #..........#.......# #
.##....###...)......#.......# #
.#..................#.......#####
.#.#######..........#............
.#.#................#............
.#.#####.#..........######.......
.#.#....<##+######### #.......
.#.#.##...#........# #.......


You could see Pikel and an orc wizard.

Vanquished Creatures
  Grinder (D:5)
  Menkaure (D:5)
  3 slaves
  An ice beast (D:5)
  An orc warrior (D:4)
  A sky beast (D:5)
  An ogre (D:4)
  2 centaurs
  A giant frog (D:3)
  4 scorpions
  A hound (D:4)
  3 orc priests
  An orc wizard (D:5)
  5 worker ants
  A gnoll (D:1)
  7 adders
  2 oozes (D:2)
  2 adder skeletons
  A dart slug (D:3)
  2 giant geckos (D:3)
  8 orcs
  2 ball pythons
  5 giant cockroaches
  6 goblins
  11 hobgoblins
  7 jackals
  6 kobolds
  2 quokkas
  7 bats
  2 giant newts (D:1)
  7 rats
104 creatures vanquished.

Notes
Turn   | Place    | Note
-------+----------+-------------------------------------------
     0 | D:1      | Arkorax the Draconian Monk began the quest for the Orb.
     0 | D:1      | Reached XP level 1. HP: 19/19 MP: 1/1
   153 | D:1      | Reached XP level 2. HP: 20/26 MP: 2/2
   647 | D:1      | Reached XP level 3. HP: 21/31 MP: 3/3
   786 | D:2      | Reached skill level 4 in Unarmed Combat
   869 | D:2      | Noticed Terence
  1092 | D:3      | Reached XP level 4. HP: 38/38 MP: 2/4
  1881 | D:3      | Reached skill level 5 in Unarmed Combat
  1906 | D:3      | Found a glowing golden altar of the Shining One.
  2068 | D:3      | Reached XP level 5. HP: 41/45 MP: 5/5
  2411 | D:4      | Noticed a centaur
  2946 | D:4      | Killed a centaur
  2946 | D:4      | Reached XP level 6. HP: 44/51 MP: 4/6
  3043 | D:4      | Found an iron altar of Okawaru.
  3084 | D:3      | Reached skill level 6 in Unarmed Combat
  3905 | D:5      | Entered Level 5 of the Dungeon
  3930 | D:4      | Your scales start taking on a glossy black colour.
  3930 | D:4      | Reached XP level 7. HP: 7/57 MP: 1/7
  3930 | D:4      | Gained mutation: You are resistant to electric shocks. (rElec) [Black Draconian growth]
  4303 | D:5      | Reached skill level 7 in Unarmed Combat
  4446 | D:4      | Reached skill level 5 in Dodging
  4838 | D:5      | Noticed Menkaure
  4842 | D:5      | Killed Menkaure
  4842 | D:5      | Reached skill level 8 in Unarmed Combat
  4842 | D:5      | Reached XP level 8. HP: 38/63 MP: 4/8
  5076 | D:5      | Noticed Grinder
  5369 | D:5      | Killed Grinder
  5369 | D:5      | Reached skill level 9 in Unarmed Combat
  5783 | D:5      | Found a sacrificial altar of Ru.
  6050 | D:6      | Noticed Pikel
  6612 | D:5      | Gained mutation: Your spells are a little harder to cast, but a little more powerful. [potion of mutation]
  6612 | D:5      | Gained mutation: You have an increased reservoir of magic. (+10% MP) [potion of mutation]
  6623 | D:5      | HP: 1/63 [Pikel/whip of flaming (7)]
  6623 | D:5      | Slain by Pikel

Vault maps used:
D:1:      minmay_arrival_checkered_box
D:2:      lemuel_round_altar, serial_curves, eino_curves_03, eino_curves_03,
          eino_curves_02, uniq_terence, uniq_robin
D:3:      nicolae_tso_swordbearing_angel
D:4:      okawaru_metal_pillars_1_2, tgw_sif
D:5:      nicolae_ru_path_of_blood, first_bread, uniq_menkaure, uniq_grinder
D:6:      hex_large, roderic_filled_cross, uniq_sigmund, uniq_pikel

Skill      XL: |  1  2  3  4  5  6  7  8 |
---------------+-------------------------+-----
Dodging        | 3 4 5 6 |  6.2
Unarmed Combat | 4 5 6 8 9 |  9.3
Fighting       | |  3.2
Stealth        | |  1.7

Action                   |  1- 3 |  4- 6 |  7- 9 || total
-------------------------+-------+-------+-------++-------
Melee: Unarmed           |   110 |   189 |   169 ||   468
       Tailslap          |     7 |    35 |    22 ||    64
       Punch             |       |     6 |     7 ||    13
Throw: Javelin           |       |     1 |       ||     1
 Abil: Breathe Lightning |       |       |    12 ||    12
Evoke: Wand              |       |       |     2 ||     2
  Use: Potion            |       |     5 |     2 ||     7
 Stab: Sleeping          |     4 |     1 |       ||     5
       Distracted        |       |     1 |       ||     1
  Eat: Chunk             |       |     6 |     1 ||     7
       Bread ration      |       |     1 |     2 ||     3
Armor: Skin              |    46 |    45 |    38 ||   129
Dodge: Dodged            |    63 |   138 |   155 ||   356
